 Dungeon Sprint DCSS version 0.17.1-2-g5865329 (webtiles) character file.

33817 Ponchio the Devastator (level 13, -1/63 HPs)
             Began as a Deep Elf Fire Elementalist on Jan 11, 2016.
             Was the Champion of Vehumet.
             Killed by a guardian mummy's death curse (16 damage)
             ... in the Dungeon (Sprint V: "Ziggurat Sprint").
             The game lasted 00:52:45 (2536 turns).

Ponchio the Devastator (Deep Elf Fire Elementalist) Turns: 2536, Time: 00:52:45

Health: -1/63      AC:  5    Str:  5      XL:     13   Next: 38%
Magic:  12/34      EV: 30    Int: 32      God:    Vehumet [******]
Gold:   0          SH:  0    Dex: 21 (24) Spells: 5 memorised, 24 levels left

rFire  . . .     SeeInvis .     I - +6 Majin-Bo {vamp, Archmagi MP+6 Int+6}
rCold  + + .     Clarity  .     M - +2 robe "Xeuteom" {MR+}
rNeg   + . .     SustAt   .     (shield currently unavailable)
rPois  .         Gourm    .     (no helmet)
rElec  .         Spirit   .     (no cloak)
rCorr  .         Warding  .     S - +0 pair of gloves {Dex+3}
rMut   .         NoTele   +     (no boots)
MR     ++...                    (no amulet)
Stlth  ++........               O - ring "Uxenneup" {Wiz +Blink rC++ rN+ MP-9}
                                y - +6 ring of dexterity

@: very slightly contaminated, hasted, very quick, very resistant to hostile
enchantments, unstealthy
A: no striking features
a: Renounce Religion, Evoke Blink


You were in the Dungeon.
You worshipped Vehumet.
Vehumet was exalted by your worship.
You were full.

You visited 1 branch

Inventory:

Hand Weapons
 I - the +6 Majin-Bo (weapon) {vamp, Archmagi MP+6 Int+6}
   (You found it in the Dungeon)

   It inflicts no extra harm, but heals its wielder somewhat when it strikes a
   living foe.
   It affects your intelligence (+6).
   It affects your magic capacity (+6).
Armour
 M - the +2 robe "Xeuteom" (worn) {MR+}
   (You found it in the Dungeon)

   It affects your resistance to hostile enchantments.
 S - a +0 pair of gloves of dexterity (worn)
Jewellery
 m - an uncursed ring of positive energy
 y - a +6 ring of dexterity (left hand)
 z - a +6 ring of dexterity
 A - a +6 ring of intelligence
 B - a +6 ring of intelligence
 O - the ring "Uxenneup" (right hand) {Wiz +Blink rC++ rN+ MP-9}
   (You found it in the Dungeon)

   [ring of wizardry]

   It improves your spell success rate.
   It greatly protects you from cold.
   It protects you from negative energy.
   It affects your magic capacity (-9).
   It lets you blink.
Wands
 D - a wand of heal wounds (4)
 E - a wand of disintegration (3)
 G - a wand of cold (5)
 H - a wand of draining (5)
Scrolls
 i - 4 scrolls of blinking
 p - 4 scrolls of amnesia
 q - 3 scrolls of recharging
 r - 8 scrolls of fog
 s - a scroll of holy word
 t - 5 scrolls of identify
 u - 5 scrolls of remove curse
 v - 2 scrolls of fear
Potions
 d - 9 potions of curing
 e - 2 potions of heal wounds
 f - 2 potions of haste
 g - 4 potions of magic
 j - 2 potions of brilliance
 k - 2 potions of invisibility
 l - a potion of resistance
 n - 5 potions of agility
 o - 5 potions of might
Books
 a - Weaxkar's Compendium of Curses
   (You found it in the Dungeon)

   Spells                             Type                      Level
   a - Confusing Touch                Hexes                        2
   b - Slow                           Hexes                        2
   c - Fulminant Prism                Conjuration/Hexes            4
   d - Summon Mana Viper              Hexes/Summoning              5
   e - Invisibility                   Hexes                        6
 b - a book of Flames

   Spells                             Type                      Level
   a - Flame Tongue                   Conjuration/Fire             1
   b - Throw Flame                    Conjuration/Fire             2
   c - Conjure Flame                  Conjuration/Fire             3
   d - Inner Flame                    Hexes/Fire                   3
   e - Sticky Flame                   Conjuration/Fire             4
   f - Fireball                       Conjuration/Fire             5
 h - a book of the Dragon

   Spells                             Type                      Level
   a - Flame Tongue                   Conjuration/Fire             1
   b - Cause Fear                     Hexes                        4
   c - Bolt of Fire                   Conjuration/Fire             6
   d - Dragon Form                    Transmutation                7
   e - Dragon's Call                  Summoning                    9
 C - a book of the Warp

   Spells                             Type                      Level
   a - Recall                         Summoning/Translocation      3
   b - Gell's Gravitas                Hexes/Translocation          3
   c - Force Lance                    Conjuration/Translocation    4
   d - Phase Shift                    Translocation                5
   e - Warp Weapon                    Charms/Translocation         5
   f - Summon Forest                  Summoning/Translocation      5
 F - a book of Party Tricks

   Spells                             Type                      Level
   a - Summon Butterflies             Summoning                    1
   b - Apportation                    Translocation                1
   c - Tukima's Dance                 Hexes                        3
   d - Alistair's Intoxication        Transmutation/Poison         4
   e - Invisibility                   Hexes                        6
 J - a book of Changes

   Spells                             Type                      Level
   a - Beastly Appendage              Transmutation                1
   b - Sticks to Snakes               Transmutation                2
   c - Spider Form                    Transmutation/Poison         3
   d - Ice Form                       Ice/Transmutation            4
   e - Blade Hands                    Transmutation                5
 L - an Akashic Record

   Spells                             Type                      Level
   a - Dispersal                      Translocation                6
   b - Malign Gateway                 Summoning/Translocation      7
   c - Disjunction                    Translocation                8
   d - Controlled Blink               Translocation                8
 N - a book of Battle

   Spells                             Type                      Level
   a - Infusion                       Charms                       1
   b - Shroud of Golubria             Charms/Translocation         2
   c - Song of Slaying                Charms                       2
   d - Spectral Weapon                Hexes/Charms                 3
   e - Regeneration                   Charms/Necromancy            3
 Q - a book of Clouds

   Spells                             Type                      Level
   a - Mephitic Cloud                 Conjuration/Poison/Air       3
   b - Conjure Flame                  Conjuration/Fire             3
   c - Poisonous Cloud                Conjuration/Poison/Air       6
   d - Freezing Cloud                 Conjuration/Ice/Air          6
   e - Ring of Flames                 Charms/Fire                  7
 T - a book of Conjurations

   Spells                             Type                      Level
   a - Magic Dart                     Conjuration                  1
   b - Searing Ray                    Conjuration                  2
   c - Dazzling Spray                 Conjuration/Hexes            3
   d - Fulminant Prism                Conjuration/Hexes            4
   e - Iskenderun's Mystic Blast      Conjuration                  4
   f - Iskenderun's Battlesphere      Conjuration/Charms           5
 V - a book of Maledictions

   Spells                             Type                      Level
   a - Corona                         Hexes                        1
   b - Ensorcelled Hibernation        Hexes/Ice                    2
   c - Confuse                        Hexes                        3
   d - Tukima's Dance                 Hexes                        3
   e - Dazzling Spray                 Conjuration/Hexes            3
 W - a book of Clouds

   Spells                             Type                      Level
   a - Mephitic Cloud                 Conjuration/Poison/Air       3
   b - Conjure Flame                  Conjuration/Fire             3
   c - Poisonous Cloud                Conjuration/Poison/Air       6
   d - Freezing Cloud                 Conjuration/Ice/Air          6
   e - Ring of Flames                 Charms/Fire                  7
 X - a book of Transfigurations

   Spells                             Type                      Level
   a - Stoneskin                      Transmutation/Earth          2
   b - Irradiate                      Conjuration/Transmutation    5
   c - Statue Form                    Transmutation/Earth          6
   d - Hydra Form                     Transmutation                6
   e - Dragon Form                    Transmutation                7
 Y - a book of Spatial Translocations

   Spells                             Type                      Level
   a - Apportation                    Translocation                1
   b - Blink                          Translocation                2
   c - Shroud of Golubria             Charms/Translocation         2
   d - Portal Projectile              Translocation                3
   e - Teleport Other                 Translocation                3
   f - Passage of Golubria            Translocation                4
 Z - a Young Poisoner's Handbook

   Spells                             Type                      Level
   a - Sting                          Conjuration/Poison           1
   b - Cure Poison                    Poison                       2
   c - Mephitic Cloud                 Conjuration/Poison/Air       3
   d - Olgreb's Toxic Radiance        Poison                       4
   e - Venom Bolt                     Conjuration/Poison           5
Miscellaneous
 K - 3 phantom mirrors
 P - a fan of gales
 R - a lamp of fire
 U - a phial of floods
Comestibles
 c - 5 bread rations
 w - 30 fruits
 x - 3 meat rations


   Skills:
 - Level 17.8 Dodging
 - Level 2.4 Stealth
 - Level 18.8 Spellcasting
 + Level 20.5 Conjurations
 - Level 19.5 Fire Magic
 - Level 5.3 Ice Magic
 - Level 5.0 Air Magic
 - Level 8.0 Evocations


You had 24 spell levels left.
You knew the following spells:

 Your Spells              Type           Power        Failure   Level  Hunger
a - Flame Tongue          Conj/Fire      #####        0%          1    None
b - Fireball              Conj/Fire      ########..   0%          5    None
c - Freezing Cloud        Conj/Ice/Air   #######...   1%          6    None
d - Bolt of Cold          Conj/Ice       ########..   1%          6    None
e - Orb of Destruction    Conj           ########..   1%          7    ###....


Dungeon Overview and Level Annotations

Branches:
Dungeon (1/1)

Altars:
Ashenzari
Cheibriados
Dithmenos
Elyvilon
Fedhas
Gozag
Kikubaaqudgha
Makhleb
Nemelex Xobeh
Okawaru
Qazlal
Ru
Sif Muna
Trog
Vehumet
Xom
Yredelemnul
Zin
The Shining One
Beogh
Jiyva
Lugonu


Message History

The fireball engulfs the guardian mummy.
You destroy the guardian mummy!
Vehumet accepts your kill.
You feel your power returning.
You feel extremely nervous for a moment...
Pain shoots through your body!
* * * LOW HITPOINT WARNING * * *
You feel your dexterity returning.
Your fan of gales has recharged.
The fireball engulfs the mummy.
The mummy is burned terribly!
You destroy the mummy!
Vehumet accepts your kill.
You feel your power returning.
The fireball engulfs the guardian mummy.
You destroy the guardian mummy!
Vehumet accepts your kill.
You feel your power returning.
You feel extremely nervous for a moment...
Pain shoots through your body!
You die...

▓..)).▓.}.
▓..:=.):))..▓▓..)..▓...
▓..)........▓▓.....▓.†.
▓.......HE..▓▓.....▓...
........... ▓.....▓...
......... ▓..(..▓...
▓.\)..▓ ▓▓▓▓▓▓▓▓▓▓▓
▓▓...▓▓ ▓..8©8...▓.
▓..▓..@..▓..▓..[)....▓.
▓......WW...▓...|....▓.
▓▓▓▓▓▓▓▓▓▓▓▓▓...|....▓.
▓....8©8....▓........▓.
▓...)|)?)...▓.▓....▓.▓.
▓...|[|)....▓........▓.
▓...........▓▓▓▓▓▓▓▓▓▓▓
▓...........▓...8©8...▓
▓...........▓..?}.?...▓


You could see an anubis guard, 2 shadows and a friendly air elemental.

Vanquished Creatures
  2 Orb Guardians (D)
  A shadow dragon (D)
  2 green draconians (D)
  A black draconian (D)
  A mottled draconian (D)
  2 red draconians (D)
  2 yellow draconians (D)
  A white draconian (D)
  2 mummy priests (D)
  2 ice dragons (D)
  A ghost crab (shapeshifter) (D)
  2 soul eaters (D)
  A death drake (D)
  3 deep elf knights (D)
  A swamp dragon (D)
  2 hill giants (D)
  An anubis guard (D)
  A griffon (shapeshifter) (D)
  2 ugly things (D)
  3 deep elf conjurers (D)
  A moth of wrath (D)
  An octopode (shapeshifter) (D)
  A sixfirhy (D)
  2 eyes of devastation (D)
  A fire drake (D)
  2 guardian mummies (D)
  A giant leech (shapeshifter) (D)
  2 slime creatures (D)
  2 two-headed ogres (D)
  2 trolls (D)
  A wind drake (shapeshifter) (D)
  A snapping turtle (shapeshifter) (D)
  A flying skull (D)
  2 air elementals (D)
  A redback (shapeshifter) (D)
  A wyvern (D)
  2 spriggans (D)
  A deep elf mage (D)
  A human (shapeshifter) (D)
  2 steam dragons (D)
  2 neqoxecs (D)
  3 deep elf fighters (D)
  2 wolves (D)
  3 insubstantial wisps (D)
  An ogre (shapeshifter) (D)
  3 black bears (D)
  A necrophage (D)
  A wasp (D)
  A sky beast (shapeshifter) (D)
  A crimson imp (D)
  An iron imp (D)
  4 jellies (D)
  6 mummies (D)
  A white imp (D)
  An ooze (D)
  A spectral adder (D)
  3 adder zombies (D)
  An adder skeleton (D)
  4 bat skeletons (D)
  A bat zombie (D)
  A ball python skeleton (D)
  A jackal skeleton (D)
  A jackal zombie (D)
  A spectral ball python (D)
  3 spectral giant cockroaches (D)
109 creatures vanquished.

Vanquished Creatures (collateral kills)
  A fire dragon (D)
  A death drake (D)
2 creatures vanquished.

Grand Total: 111 creatures vanquished

Notes
Turn   | Place    | Note
--------------------------------------------------------------
     0 | D        | Ponchio the Deep Elf Fire Elementalist began the quest for the Orb.
     0 | D        | Reached XP level 1. HP: 10/10 MP: 6/6
     0 | D        | Found a roughly hewn altar of Beogh.
     0 | D        | Found a viscous altar of Jiyva.
     0 | D        | Found a corrupted altar of Lugonu.
     0 | D        | Found a white marble altar of Elyvilon.
     0 | D        | Found a sparkling altar of Nemelex Xobeh.
     1 | D        | Found a burning altar of Makhleb.
     1 | D        | Found an iron altar of Okawaru.
     1 | D        | Found a deep blue altar of Sif Muna.
     1 | D        | Found a radiant altar of Vehumet.
     1 | D        | Found a bloodstained altar of Trog.
     1 | D        | Found a shimmering altar of Xom.
    34 | D        | Became a worshipper of Vehumet
    85 | D        | Reached skill level 8 in Evocations
    85 | D        | Reached XP level 2. HP: 15/15 MP: 9/9
    99 | D        | Entered arena 1.
    99 | D        | Noticed a slime creature
   103 | D        | Killed a slime creature
   103 | D        | Reached XP level 3. HP: 10/19 MP: 10/10
   103 | D        | Reached XP level 4. HP: 12/24 MP: 12/12
   103 | D        | Reached XP level 5. HP: 14/28 MP: 13/13
   239 | D        | Learned a level 5 spell: Fireball
   245 | D        | Entered arena 2.
   245 | D        | Noticed a white ugly thing
   245 | D        | Noticed an ogre
   245 | D        | Noticed a sky beast
   246 | D        | Killed a sky beast
   246 | D        | Reached * piety under Vehumet
   246 | D        | Offered knowledge of Freeze by Vehumet.
   246 | D        | Reached XP level 6. HP: 32/32 MP: 14/18
   247 | D        | Killed an ogre
   247 | D        | Reached skill level 10 in Spellcasting
   248 | D        | Killed a white ugly thing
   248 | D        | Reached skill level 10 in Conjurations
   248 | D        | Reached skill level 10 in Fire Magic
   248 | D        | Reached XP level 7. HP: 24/36 MP: 4/22
   392 | D        | Got the amulet "Omuott" {Inacc +Blink rC+}
   396 | D        | Got the +2 robe "Xeuteom" {MR+}
   412 | D        | Entered arena 3.
   412 | D        | Noticed a deep elf knight
   412 | D        | Noticed a deep elf fighter
   412 | D        | Noticed a deep elf knight
   412 | D        | Noticed a deep elf mage
   413 | D        | Killed a deep elf mage
   413 | D        | Offered knowledge of Sting by Vehumet.
   413 | D        | Reached ** piety under Vehumet
   413 | D        | Reached skill level 11 in Fire Magic
   413 | D        | Killed a deep elf fighter
   413 | D        | Reached XP level 8. HP: 41/41 MP: 24/24
   414 | D        | Killed a deep elf knight
   414 | D        | Reached skill level 12 in Conjurations
   415 | D        | Killed a deep elf knight
   415 | D        | Reached *** piety under Vehumet
   415 | D        | Reached skill level 13 in Conjurations
   415 | D        | Reached XP level 9. HP: 15/45 MP: 16/25
   660 | D        | Got a pair of polished gloves
   666 | D        | Identified the +1 pair of gloves of Rationality {rF- Slay+2 Stlth+} (You acquired it in the Dungeon)
   675 | D        | Entered arena 4.
   675 | D        | Noticed a crimson imp
   675 | D        | Noticed an iron imp
   675 | D        | Noticed a sixfirhy
   677 | D        | Offered knowledge of Ignite Poison by Vehumet.
   677 | D        | Killed a sixfirhy
   677 | D        | Reached skill level 14 in Fire Magic
   678 | D        | Killed an iron imp
   679 | D        | Killed a crimson imp
   679 | D        | Reached **** piety under Vehumet
   746 | D        | Entered arena 5.
   746 | D        | Noticed an insubstantial wisp
   746 | D        | Noticed an air elemental
   746 | D        | Noticed an insubstantial wisp
   746 | D        | Noticed an air elemental
   746 | D        | Noticed an insubstantial wisp
   747 | D        | Killed an air elemental
   750 | D        | Killed an air elemental
   758 | D        | Killed an insubstantial wisp
   762 | D        | Killed an insubstantial wisp
   766 | D        | Killed an insubstantial wisp
   887 | D        | Entered arena 6.
   887 | D        | Noticed a troll
   887 | D        | Noticed a two-headed ogre
   887 | D        | Noticed a troll
   887 | D        | Noticed a two-headed ogre
   887 | D        | Noticed a hill giant
   887 | D        | Noticed a hill giant
   888 | D        | Killed a troll
   888 | D        | Offered knowledge of Static Discharge by Vehumet.
   888 | D        | Killed a two-headed ogre
   888 | D        | Killed a troll
   888 | D        | Reached skill level 15 in Fire Magic
   889 | D        | Killed a hill giant
   889 | D        | Reached skill level 15 in Conjurations
   889 | D        | Reached XP level 10. HP: 44/50 MP: 26/29
   889 | D        | Killed a two-headed ogre
   889 | D        | Reached ***** piety under Vehumet
   890 | D        | Killed a hill giant
   897 | D        | Got the ring "Uxenneup" {Wiz +Blink rC++ rN+ MP-9}
   990 | D        | Entered arena 7.
   990 | D        | Noticed a deep elf conjurer
   990 | D        | Noticed a deep elf fighter
   990 | D        | Noticed a deep elf fighter
   990 | D        | Noticed a deep elf conjurer
   990 | D        | Noticed a deep elf conjurer
   990 | D        | Noticed a deep elf knight
   991 | D        | Killed a deep elf fighter
   991 | D        | Killed a deep elf conjurer
   992 | D        | Killed a deep elf fighter
   992 | D        | Killed a deep elf conjurer
   992 | D        | Killed a deep elf conjurer
   992 | D        | Reached skill level 10 in Dodging
   993 | D        | Killed a deep elf knight
  1087 | D        | Learned a level 6 spell: Freezing Cloud
  1087 | D        | Entered arena 8.
  1087 | D        | Noticed a wolf
  1087 | D        | Noticed a spriggan rider
  1087 | D        | Noticed a black bear
  1087 | D        | Noticed a wolf
  1087 | D        | Noticed a black bear
  1087 | D        | Noticed a black bear
  1087 | D        | Noticed a spriggan
  1088 | D        | Killed a wolf
  1088 | D        | Offered knowledge of Fulminant Prism by Vehumet.
  1088 | D        | Reached skill level 1 in Ice Magic
  1088 | D        | Reached skill level 1 in Air Magic
  1088 | D        | Killed a wolf
  1089 | D        | Killed a black bear
  1089 | D        | Reached ****** piety under Vehumet
  1089 | D        | Killed a spriggan
  1089 | D        | Killed a black bear
  1090 | D        | Killed a black bear
  1091 | D        | Killed a spriggan rider
  1091 | D        | Killed a wasp
  1091 | D        | Reached skill level 5 in Ice Magic
  1091 | D        | Reached skill level 5 in Air Magic
  1091 | D        | Reached XP level 11. HP: 37/54 MP: 26/30
  1235 | D        | Entered arena 9.
  1235 | D        | Noticed a necrophage
  1236 | D        | Offered knowledge of Irradiate by Vehumet.
  1237 | D        | Killed a necrophage
  1316 | D        | Entered arena 10.
  1316 | D        | Noticed a jelly
  1316 | D        | Noticed an eye of devastation
  1316 | D        | Noticed a slime creature
  1316 | D        | Noticed a slime creature
  1316 | D        | Noticed a slime creature
  1316 | D        | Noticed a jelly
  1316 | D        | Noticed a jelly
  1316 | D        | Noticed a jelly
  1316 | D        | Noticed an eye of devastation
  1317 | D        | Killed a jelly
  1317 | D        | Killed a jelly
  1318 | D        | Killed a jelly
  1319 | D        | Killed an eye of devastation
  1320 | D        | Killed an eye of devastation
  1321 | D        | Killed a jelly
  1321 | D        | Killed a very large slime creature
  1454 | D        | Entered arena 11.
  1454 | D        | Noticed a steam dragon
  1454 | D        | Noticed an ice dragon
  1454 | D        | Noticed a fire drake
  1454 | D        | Noticed a fire dragon
  1454 | D        | Noticed a steam dragon
  1457 | D        | Killed a steam dragon
  1457 | D        | Offered knowledge of Bolt of Magma by Vehumet.
  1458 | D        | Noticed a death drake
  1458 | D        | Killed an ice dragon
  1459 | D        | Noticed a swamp dragon
  1459 | D        | Noticed an ice dragon
  1459 | D        | Noticed a death drake
  1459 | D        | Killed a fire drake
  1460 | D        | Noticed a wyvern
  1460 | D        | Killed a death drake
  1460 | D        | Reached skill level 16 in Conjurations
  1460 | D        | Killed a steam dragon
  1460 | D        | Killed an ice dragon
  1461 | D        | Killed a wyvern
  1469 | D        | Killed a swamp dragon
  1472 | D        | Killed a death drake
  1472 | D        | Reached skill level 17 in Fire Magic
  1473 | D        | Killed a fire dragon
  1652 | D        | Identified Weaxkar's Compendium of Curses (You found it in the Dungeon)
  1665 | D        | Entered arena 12.
  1665 | D        | Noticed a redback
  1665 | D        | Noticed a wind drake
  1665 | D        | Noticed a human
  1665 | D        | Noticed a lindwurm
  1665 | D        | Noticed a neqoxec
  1666 | D        | Noticed a neqoxec
  1666 | D        | Noticed a purple ugly thing
  1666 | D        | Noticed a swamp dragon
  1666 | D        | Noticed an eye of devastation
  1666 | D        | an eye of devastation changed into an elephant
  1666 | D        | Noticed a ghost crab
  1666 | D        | a lindwurm changed into a ghost crab
  1668 | D        | Noticed a fire dragon
  1668 | D        | Killed a redback
  1668 | D        | Noticed a swamp dragon
  1668 | D        | an elephant changed into a swamp dragon
  1669 | D        | Killed a neqoxec
  1669 | D        | Offered knowledge of Bolt of Cold by Vehumet.
  1670 | D        | Killed a human
  1670 | D        | Killed a neqoxec
  1670 | D        | a swamp dragon changed into a shining eye
  1671 | D        | Killed a purple ugly thing
  1671 | D        | Killed a ghost crab
  1671 | D        | Reached XP level 12. HP: 43/59 MP: 29/32
  1674 | D        | Killed a wind drake
  1674 | D        | Reached skill level 18 in Fire Magic
  1675 | D        | Noticed an entropy weaver
  1675 | D        | a fire dragon changed into an entropy weaver
  1677 | D        | Noticed an ice dragon
  1677 | D        | an entropy weaver changed into an ice dragon
  1679 | D        | an ice dragon changed into a griffon
  1969 | D        | Learned a level 6 spell: Bolt of Cold
  1969 | D        | Entered arena 13.
  1970 | D        | Noticed a green draconian
  1970 | D        | Noticed a red draconian
  1970 | D        | Noticed an Orb Guardian
  1970 | D        | Noticed a moth of wrath
  1970 | D        | Noticed an Orb Guardian
  1974 | D        | Killed a moth of wrath
  1974 | D        | Offered knowledge of Delayed Fireball by Vehumet.
  1975 | D        | Noticed a mottled draconian
  1975 | D        | Noticed a red draconian
  1975 | D        | Noticed a yellow draconian
  1975 | D        | Noticed a black draconian
  1975 | D        | Killed an Orb Guardian
  1977 | D        | Noticed a white draconian
  1977 | D        | Noticed a yellow draconian
  1977 | D        | Killed an Orb Guardian
  1977 | D        | Reached skill level 19 in Conjurations
  1978 | D        | Noticed a green draconian
  1981 | D        | Killed a green draconian
  1981 | D        | Reached skill level 15 in Spellcasting
  1982 | D        | Killed a yellow draconian
  1982 | D        | Killed a red draconian
  1982 | D        | Reached skill level 15 in Dodging
  1985 | D        | Killed a yellow draconian
  1986 | D        | Killed a red draconian
  1988 | D        | Killed a mottled draconian
  1988 | D        | Killed a white draconian
  1988 | D        | Reached XP level 13. HP: 20/63 MP: 22/36
  1990 | D        | Killed a black draconian
  1991 | D        | Killed a green draconian
  2238 | D        | Entered arena 14.
  2239 | D        | Noticed a shadow dragon
  2240 | D        | Offered knowledge of Orb of Destruction by Vehumet.
  2241 | D        | Noticed a soul eater
  2242 | D        | Noticed a soul eater
  2245 | D        | Killed a shadow dragon
  2245 | D        | Killed a soul eater
  2248 | D        | Killed a soul eater
  2257 | D        | Learned a level 7 spell: Orb of Destruction
  2521 | D        | Entered arena 15.
  2522 | D        | Noticed a mummy priest
  2522 | D        | Noticed a flying skull
  2522 | D        | Noticed a guardian mummy
  2522 | D        | Noticed an anubis guard
  2523 | D        | Noticed an anubis guard
  2524 | D        | Noticed a mummy priest
  2524 | D        | Noticed a guardian mummy
  2525 | D        | Noticed a guardian mummy
  2527 | D        | Offered knowledge of Conjure Ball Lightning by Vehumet.
  2527 | D        | Killed a mummy priest
  2528 | D        | Killed a mummy priest
  2528 | D        | Reached skill level 20 in Conjurations
  2532 | D        | Killed a flying skull
  2534 | D        | Killed a guardian mummy
  2534 | D        | Killed an anubis guard
  2536 | D        | Killed a guardian mummy
  2536 | D        | Killed a guardian mummy
  2536 | D        | Killed by a guardian mummy's death curse

Action                   |  1- 3 |  4- 6 |  7- 9 | 10-12 | 13-15 || total
-------------------------+-------+-------+-------+-------+-------++-------
Melee: Quarterstaff      |       |     2 |       |     4 |       ||     6
 Cast: Fireball          |       |     2 |    16 |    42 |    20 ||    80
       Freezing Cloud    |       |       |       |     7 |       ||     7
       Bolt of Cold      |       |       |       |     1 |       ||     1
Evoke: Wand              |     3 |     1 |     4 |       |       ||     8
       Fan of gales      |       |       |       |     1 |     1 ||     2
  Use: Potion            |     1 |       |     3 |    15 |     3 ||    22
       Scroll            |       |       |     1 |     1 |       ||     2
  Eat: Fruit             |     2 |     2 |     3 |     4 |     1 ||    12
       Chunk             |       |       |       |     2 |       ||     2
       Meat ration       |       |       |       |       |     1 ||     1
